 Dungeon Crawl Stone Soup version 0.26-a0-466-g989023bd0d (webtiles) character file.

Game seed: 17432933701758508077

12 vurker the Chiller (level 2, 0/16 HPs)
             Began as a Kobold Ice Elementalist on July 29, 2020.
             Slain by a hobgoblin
             ... wielding a +0 club
              (5 damage)
             ... on level 1 of the Dungeon.
             The game lasted 00:00:40 (299 turns).

vurker the Chiller (Kobold Ice Elementalist)         Turns: 299, Time: 00:00:40

Health: 0/16       AC:  2    Str:  5    XL:     2   Next: 45%
Magic:  0/5        EV: 15    Int: 16    God:
Gold:   4          SH:  0    Dex: 15    Spells: 5/6 levels left

rFire    . . .     SeeInvis .   c - +0 dagger
rCold    . . .     Faith    .   (shield restricted)
rNeg     . . .     Spirit   .   a - +0 robe
rPois    .         Reflect  .   (no helmet)
rElec    .         Harm     .   (no cloak)
rCorr    .                      (no gloves)
MR       .....                  (no boots)
Stlth    +++.......             (no amulet)
HPRegen  0.05/turn              (no ring)
MPRegen  0.09/turn              (no ring)

@: very slightly contaminated
A: small, nightstalker 3
a: no special abilities


You were on level 1 of the Dungeon.
You visited 1 branch of the dungeon, and saw 1 of its levels.

You collected 4 gold pieces.

Inventory:

Hand Weapons
 c - a +0 dagger (weapon)
   (You took it off a kobold on level 1 of the Dungeon)
Armour
 a - a +0 robe (worn)
Scrolls
 b - a scroll of remove curse {unknown}


   Skills:
 + Level 0.6 Fighting
 - Level 2.4 Dodging
 - Level 2.6 Stealth
 * Level 2.5 Spellcasting
 * Level 4.2 Ice Magic


You had 5 spell levels left.
You knew the following spells:

 Your Spells              Type           Power        Failure   Level
a - Freeze                Ice            ###.         3%          1

Your spell library contained the following spells:

 Spells                   Type           Power        Failure   Level
 Frozen Ramparts          Ice            ###...       11%         3
 Ozocubu's Armour         Ice            ###.....     11%         3
 Hailstorm                Conj/Ice       #.......     63%         4
 Summon Ice Beast         Ice/Summ       #.......     63%         4


Dungeon Overview and Level Annotations

Branches:
Dungeon (1/15)

Altars:


Innate Abilities, Weirdness & Mutations

You are small and have problems with some larger weapons.
You are completely attuned to the shadows.


Message History

Unknown command.
Okay, then.
Things that are here:
a +0 club; a hobgoblin corpse
Things that are here:
a +0 club; a hobgoblin corpse
Found a leather armour.
A hobgoblin comes into view. It is wielding a +0 club.
Found a pair of glowing gloves and a scroll labeled PIDINGY IWAF.
A hobgoblin is nearby!
A hobgoblin is nearby!
A leopard gecko and a hobgoblin come into view.
A kobold comes into view. It is wielding a +0 dagger.
The hobgoblin shouts!
The leopard gecko hisses angrily.
The kobold shouts!
You hear a shout!
Aim: a hobgoblin, wielding a +0 club You freeze the hobgoblin!
You kill the hobgoblin!
Aim: a leopard gecko You freeze the leopard gecko.
The leopard gecko bites you. The leopard gecko closely misses you.
Aim: a leopard gecko (severely wounded)
You freeze the leopard gecko.
You kill the leopard gecko!
The kobold closely misses you.
Aim: a kobold, wielding a +0 dagger You freeze the kobold.
You kill the kobold!
The hobgoblin shouts!
A hobgoblin is nearby!
Found 15 gold pieces.
Things that are here:
a +0 dagger; a kobold corpse
c - a +0 dagger The hobgoblin completely misses you.
c - a +0 dagger (weapon)
The hobgoblin closely misses you.
You hit the hobgoblin. The hobgoblin misses you.
You hit the hobgoblin but do no damage. The hobgoblin hits you with a +0 club.
You hit the hobgoblin but do no damage. The hobgoblin hits you with a +0 club.
* * * LOW HITPOINT WARNING * * *
Aim: a hobgoblin, wielding a +0 club (moderately wounded)
You freeze the hobgoblin.
Aim: a hobgoblin, wielding a +0 club (severely wounded)
You miscast Freeze.
You are very lightly contaminated with residual magic.
Nothing appears to happen.
The hobgoblin barely misses you.
Unknown command.
You closely miss the hobgoblin. The hobgoblin hits you with a +0 club.
You die...

....
#.#######
###...[ ..
#..# #....
##.## ####.
#..# #.
###.## #.
.......####
#.
#.###......
#.
$....g#..[.
#.
....@)#....
#.
...?..#.[..
#.
......#g...
#. ......#
#. ......#
#. ####.
..>..
#>....
#.....


You could see a hobgoblin.

Vanquished Creatures
  2 leopard geckos (D:1)
  A giant cockroach (D:1)
  4 hobgoblins (D:1)
  A frilled lizard (D:1)
  A kobold (D:1)
9 creatures vanquished.

Notes
Turn   | Place    | Note
-------+----------+-------------------------------------------
     0 | D:1      | vurker the Kobold Ice Elementalist began the quest for the
                  | Orb.
     0 | D:1      | Reached XP level 1. HP: 10/10 MP: 3/3
   188 | D:1      | Reached XP level 2. HP: 16/16 MP: 0/5
   299 | D:1      | Slain by a hobgoblin

Illustrated notes

Levels and vault maps discovered:
D:1:      dpeg_arrival_shrine, layout_rooms, item_on_display_a

Action                   || total
-------------------------++-------
Melee: Unarmed           ||     1
       Dagger            ||     4
 Cast: Freeze            ||    14
Dodge: Dodged            ||    17

Table legend: (Time is in decaauts)
 A = Elapsed time spent in this place.
 B = Non-inter-level travel time spent in this place.
 C = Inter-level travel time spent in this place.
 D = Time resting spent in this place.
 E = Time spent auto-exploring this place.
 F = Levels seen in this place.
 G = Mean time per level.
                   A        B        C        D        E       F      G
               +--------+--------+--------+--------+--------+-----+--------+
         Total |    299 |    299 |      0 |      0 |    213 |   1 |  299.0 |
       Dungeon |    299 |    299 |      0 |      0 |    213 |   1 |  299.0 |
               +--------+--------+--------+--------+--------+-----+--------+

Top non-repeatable levels by time:
     D:1: 299 daAuts
